 Dungeon Crawl Stone Soup version 0.32-a0-558-g233958a4c4 (webtiles) character file.

Game seed: 10814342424088524617

3 shadowstone the Vexing (level 1, -1/13 HPs)
             Began as a Coglin Enchanter on Feb 29, 2024.
             Slain by a frilled lizard (2 damage)
             ... on level 1 of the Dungeon.
             The game lasted 00:00:46 (116 turns).

shadowstone the Vexing (Coglin Enchanter)            Turns: 116, Time: 00:00:48

Health: -1/13      AC:  2    Str:  8    XL:     1   Next: 50%
Magic:  3/3        EV: 12    Int: 14    God:
Gold:   22         SH:  0    Dex: 14    Spells: 4/4 levels left

rFire   . . .        a - +1 dagger {Nolwazi}
rCold   . . .        (no shield)
rNeg    . . .        b - +0 robe
rPois   .            (no helmet)
rElec   .            (no cloak)
rCorr   .            (no gloves)
SInv    .            (no boots)
Will    .....        (amulet unavailable)
Stlth   ++           (ring unavailable)
HPRegen 0.22/turn    (ring unavailable)
MPRegen 0.08/turn    (no gizmo)

%: no passive effects
@: revving
A: off-hand wielding, slow wielding, warmup strikes, no jewelry
a: Invent Gizmo


You were on level 1 of the Dungeon.
You visited 1 branch of the dungeon, and saw 1 of its levels.

You collected 22 gold pieces.

Inventory:

Hand Weapons
 a - a +1 dagger (weapon) {Nolwazi}
Armour
 b - a +0 robe (worn)
Potions
 c - 2 potions of invisibility


   Skills:
 + Level 0.8 Short Blades
 + Level 1.7 Dodging
 + Level 2.4 Stealth
 + Level 2.0 Spellcasting
 + Level 2.7 Hexes


You had 4 spell levels left.
You didn't know any spells.
Your spell library contained the following spells:

 Spells                   Type           Power      Damage    Failure   Level
 Ensorcelled Hibernation  Hex/Ice        10%        N/A       21%         2
 Confusing Touch          Hex            9%         N/A       22%         3
 Tukima's Dance           Hex            9%         N/A       22%         3
 Dazzling Flash           Conj/Hex       10%        N/A       38%         3


Dungeon Overview and Level Annotations

Branches:
Dungeon (1/15)

Altars:


Innate Abilities, Weirdness & Mutations

You can wield a second weapon in your off-hand.
It takes a long time for you to wield or remove held weapons.
Your first few attacks do less damage.
You cannot equip rings or amulets.


Message History

a +0 club; a bat corpse; a goblin corpse The giant cockroach bites you. x2
There is a stone staircase leading down here.
You hit the giant cockroach.
The giant cockroach is severely wounded.
The giant cockroach closely misses you.
You hit the giant cockroach.
You kill the giant cockroach!
Your Spellcasting skill increases to level 2!
You see here a giant cockroach corpse.
Things that are here:
a +0 club; a bat corpse; a goblin corpse A frilled lizard comes into view.
You see here 13 gold pieces.
The frilled lizard hisses angrily.
A hobgoblin comes into view.
An endoplasm comes into view.
The endoplasm quivers.
You see here 13 gold pieces.
You now have 22 gold pieces (gained 13).
The hobgoblin shouts!
You hit the frilled lizard.
The frilled lizard is heavily wounded.
The frilled lizard bites you but does no damage.
You closely miss the frilled lizard.
The frilled lizard is heavily wounded.
The frilled lizard closely misses you.
You miss the frilled lizard.
The frilled lizard is heavily wounded.
A goblin comes into view. It is wielding a +0 dagger.
The frilled lizard misses you. The endoplasm freezes you.
You are frozen.
You completely miss the frilled lizard.
The frilled lizard is heavily wounded.
The goblin shouts!
The endoplasm freezes you.
You are frozen.
* * * LOW HITPOINT WARNING * * *
The frilled lizard bites you.
You die...

#### #.....# .#^######
#.....# .####...# g.....#
.#R##.#.# ##.?... #.
.####.#.# #.##..... ##..
..###.#.# #.##..#.# ....
>.'...#.####.##..#.# ....
..##..#.#..#.##Jlg.#####..#
#####.#.#..#.#..@.........
~##.....#..#.#..#..##..##.
##..#.#....#.#......)..# ..
#.#.#........#.#>†.#
.........#.#...#...#....#
.........#.#...###.######
#.........#.#...# #$#
#..#........#...# #.#
...#.#....###.### #.#


You could see an endoplasm, a hobgoblin, a goblin and a frilled lizard.

Vanquished Creatures
  A giant cockroach (D:1)
  A goblin (D:1)
  A bat (D:1)
3 creatures vanquished.

Notes
Turn   | Place    | Note
-------+----------+-------------------------------------------
     0 | D:1      | shadowstone the Coglin Enchanter began the quest for the
                  | Orb.
     0 | D:1      | Reached XP level 1. HP: 13/13 MP: 3/3
     1 | D:1      | Noticed a human
    12 | D:1      | Noticed a formicid
    13 | D:1      | Noticed a merfolk
    20 | D:1      | Noticed an armataur
    20 | D:1      | Noticed a vampire
    21 | D:1      | Noticed a ghoul
    27 | D:1      | Noticed a djinni
   116 | D:1      | Slain by a frilled lizard

Illustrated notes

Levels and vault maps discovered:
D:1:      shiori_arrival_whats_in_store_for_you, layout_basic

Skill      XL: |  1 |
---------------+----+-----
Spellcasting   | 2 |  2.0
Short Blades   | |  0.8
Dodging        | |  1.7
Stealth        | |  2.4
Hexes          | |  2.7

Action                     || total
---------------------------++-------
  Melee: Dagger            ||    24
 Armour: Robe              ||    22
  Dodge: Dodged            ||    32

Table legend: (Time is in decaauts)
 A = Elapsed time spent in this place.
 B = Non-inter-level travel time spent in this place.
 C = Inter-level travel time spent in this place.
 D = Time resting spent in this place.
 E = Time spent auto-exploring this place.
 F = Levels seen in this place.
 G = Mean time per level.
                   A        B        C        D        E       F      G
               +--------+--------+--------+--------+--------+-----+--------+
         Total |    114 |    114 |      0 |      0 |     19 |   1 |  114.0 |
       Dungeon |    114 |    114 |      0 |      0 |     19 |   1 |  114.0 |
               +--------+--------+--------+--------+--------+-----+--------+

Top non-repeatable levels by time:
     D:1: 114 daAuts
